 Dungeon Crawl Stone Soup version 0.28.0-43-g3370ac3207 (webtiles) character file.

Game seed: 11169267062698599281

1554 croobank the Chopper (level 8, -10/73 HPs)
             Began as a Hill Orc Fighter on Mar 5, 2022.
             Was a Follower of Beogh.
             Mangled by a two-headed ogre
             ... wielding a +0 giant club
              (29 damage)
             ... on level 6 of the Dungeon.
             The game lasted 00:24:36 (7484 turns).

croobank the Chopper (Hill Orc Fighter)             Turns: 7484, Time: 00:24:37

Health: -10/73     AC: 12    Str: 21    XL:     8   Next: 88%
Magic:  11/11      EV: 10    Int:  8    God:    Beogh [*.....]
Gold:   256        SH:  6    Dex: 10    Spells: 7/7 levels left

rFire   + . .      SeeInvis .   a - +0 war axe
rCold   . . .      Faith    .   c - +1 buckler
rNeg    + . .      Spirit   .   E - +0 swamp dragon scales
rPois   +          Reflect  .   w - +0 helmet
rElec   .          Harm     .   (no cloak)
rCorr   .          Rampage  .   l - +0 pair of gloves
Will    .....      Clarity  +   C - +0 pair of boots
Stlth   ..........              (no amulet)
HPRegen 0.22/turn               o - ring of protection from fire
MPRegen 0.12/turn               d - ring of positive energy

@: no status effects
A: clarity, evolution 1
a: Renounce Religion


You were on level 6 of the Dungeon.
You worshipped Beogh.
Beogh was aware of your devotion.
You visited 2 branches of the dungeon, and saw 8 of its levels.

You collected 256 gold pieces.

Inventory:

Hand Weapons
 a - a +0 war axe (weapon)
 b - a +0 hunting sling
 p - a +0 hand crossbow
 B - a +0 glaive of draining
Missiles
 h - 87 stones
 k - 37 arrows
 m - 16 sling bullets
 n - a boomerang (quivered)
 F - 2 poisoned darts
 H - 23 bolts
Armour
 c - a +1 buckler (worn)
 f - a +0 scale mail
 l - a +0 pair of gloves (worn)
 w - a +0 helmet (worn)
 C - a +0 pair of boots (worn)
 E - +0 swamp dragon scales (worn)
Jewellery
 d - a ring of positive energy (right hand)
 e - a ring of see invisible
 g - a ring of ice
 o - a ring of protection from fire (left hand)
 t - a ring of wizardry
Wands
 q - a wand of polymorph (14)
 v - a wand of paralysis (4)
 D - a wand of flame (12)
 G - a wand of iceblast (3)
Scrolls
 i - a scroll of amnesia
 r - a scroll of holy word
 s - a scroll of vulnerability
Potions
 j - 2 potions of flight
 u - a potion of curing


   Skills:
 + Level 7.0 Fighting
 + Level 7.1 Axes
 + Level 6.4 Armour
 + Level 6.5 Shields
 + Level 4.6 Invocations


You had 7 spell levels left.
You didn't know any spells.
Your spell library contained the following spells:

 Spells                   Type           Power      Damage    Failure   Level
 Magic Dart               Conj           0%         1d3       65%         1
 Call Imp                 Summ           0%         N/A       78%         2
 Corpse Rot               Necr/Air       0%         N/A       78%         2
 Poisonous Vapours        Pois/Air       0%         N/A       78%         2
 Gell's Gravitas          Tloc           0%         N/A       95%         3
 Lesser Beckoning         Tloc           0%         N/A       95%         3
 Mephitic Cloud           Conj/Pois/Air  0%         N/A       95%         3
 Teleport Other           Tloc           0%         N/A       95%         3


Dungeon Overview and Level Annotations

Branches:
Dungeon (7/15)             Temple (1/1) D:6

Altars:
Cheibriados
Dithmenos
Elyvilon
Fedhas
Gozag
Hepliaklqana
Kikubaaqudgha
Makhleb
Nemelex Xobeh
Okawaru
Qazlal
Ru
Sif Muna
Trog
Uskayaw
Vehumet
Wu Jian
Xom
Yredelemnul
Zin
The Shining One

Shops:
D:2 [:   D:3 [   D:5 :

Annotations:
D:2 1 runed translucent door, Crazy Yiuf
D:4 1 runed translucent door, Icepheonix32's ghost, weakling DsDe
D:6 3 runed translucent doors, Icepheonix32's ghost, novice TeFE; Jimsonite's ghost, novice HuHu


Innate Abilities, Weirdness & Mutations

You possess an exceptional clarity of mind.
You have hidden genetic potential.


Message History

Beogh accepts your kill.
HP restored.
You see here a +0 hand axe.
Aiming: Paralyse
Press: ? - help, Shift-Dir - straight line, f - two-headed ogre
Aim: a two-headed ogre, wielding two +0 giant clubs (chance to affect: 31%)
The two-headed ogre suddenly stops moving!
The helpless two-headed ogre fails to defend itself.
You slash the two-headed ogre!
The two-headed ogre is moderately wounded.
The helpless two-headed ogre fails to defend itself.
You slash the two-headed ogre!
The two-headed ogre is heavily wounded.
The helpless two-headed ogre fails to defend itself.
You hit the two-headed ogre but do no damage.
The two-headed ogre is heavily wounded.
The helpless two-headed ogre fails to defend itself.
You slash the two-headed ogre!
The two-headed ogre is heavily wounded.
The helpless two-headed ogre fails to defend itself.
You slash the two-headed ogre!
The two-headed ogre is almost dead.
The two-headed ogre is no longer paralysed.
You block the two-headed ogre's attack.
The two-headed ogre hits you with a +0 giant club.
You hit the two-headed ogre.
The two-headed ogre is almost dead.
The two-headed ogre hits you with a +0 giant club!!
The two-headed ogre hits you with a +0 giant club.
You slash the two-headed ogre!
The two-headed ogre is almost dead.
The two-headed ogre completely misses you.
You block the two-headed ogre's attack.
You completely miss the two-headed ogre.
The two-headed ogre is almost dead.
The two-headed ogre hits you with a +0 giant club!!
* * * LOW HITPOINT WARNING * * *
The two-headed ogre closely misses you.
The two-headed ogre hits you with a +0 giant club!!
You die...

#.......#
#......................
##......#
#......$.....#...⌠..###
##...#.#
#...................# #
###...#
########.......⌠.>.⌠# #
#.###
##########.##......# #
#.#
#.......##.##...⌠..###
#.#
#.#####.##.###........
#.######.#####.##.#
#####.###
#....†>...).@O....#
###....
########.#####.####
#.....# #.....>.#
###.#.#.# #########
#........ #.#.#....
#.#.#...# #...#....
#.####..# #.####.#.


You could see a two-headed ogre.

Vanquished Creatures
  Maggie (D:6)
  A water moccasin (D:6)
  A sky beast (D:6)
  A black bear (D:4)
  A necrophage (D:6)
  2 ogres (D:5)
  A phantom (D:5)
  A bullfrog (D:6)
  A scorpion (D:4)
  A water moccasin skeleton (D:5)
  2 howler monkeys
  An iguana (D:5)
  4 orc wizards
  Natasha (thrice) (D:3)
  A killer bee zombie (D:4)
  3 adders
  A shadow imp (D:5)
  2 adder skeletons
  3 dart slugs
  A worm (D:3)
  8 orcs
  5 endoplasms
  6 giant cockroaches
  6 goblins
  8 hobgoblins
  5 jackals
  5 quokkas
  8 ball pythons
  5 bats
  A frilled lizard (D:3)
  7 kobolds
  3 rats
99 creatures vanquished.

Vanquished Creatures (others)
  Grinder (D:3)
  An orc wizard (D:3)
  An orc (D:3)
  A goblin (D:3)
  A frilled lizard (D:3)
  A rat (D:3)
  4 withered plants (D:6)
10 creatures vanquished.

Grand Total: 109 creatures vanquished

Notes
Turn   | Place    | Note
-------+----------+-------------------------------------------
     0 | D:1      | croobank the Hill Orc Fighter began the quest for the Orb.
     0 | D:1      | Reached XP level 1. HP: 19/19 MP: 1/1
   244 | D:1      | Reached XP level 2. HP: 27/27 MP: 2/2
   497 | D:1      | Reached XP level 3. HP: 26/33 MP: 3/3
  1329 | D:2      | Found Fupuogh's Armour Boutique.
  1336 | D:2      | Found an ornate altar of the Wu Jian Council.
  1447 | D:2      | Reached XP level 4. HP: 28/40 MP: 4/4
  1454 | D:2      | Gained mutation: You sometimes lose the ability to read
                  | scrolls when taking damage. [potion of mutation]
  1454 | D:2      | Gained mutation: Your mind is acute. (Int +2) [potion of
                  | mutation]
  1454 | D:2      | Gained mutation: You possess an exceptional clarity of
                  | mind. [potion of mutation]
  1685 | D:2      | Found a faded altar of an unknown god.
  1698 | D:2      | Reached XP level 5. HP: 47/47 MP: 5/5
  1970 | D:2      | Found Haaru's Book Shop.
  2195 | D:2      | Found a runed translucent door.
  2196 | D:2      | Noticed Crazy Yiuf
  2431 | D:3      | Found Unyukeno's Antique Armour Boutique.
  2576 | D:3      | Noticed Natasha
  2582 | D:3      | Killed Natasha
  2659 | D:3      | Noticed Natasha
  2659 | D:3      | Noticed Grinder
  2661 | D:3      | Became a worshipper of Beogh the Brigand
  2668 | D:3      | Killed Natasha
  2672 | D:3      | Killed Grinder
  2673 | D:3      | Reached skill level 5 in Fighting
  2673 | D:3      | Reached XP level 6. HP: 44/56 MP: 6/6
  2700 | D:3      | Noticed Natasha
  2705 | D:3      | Killed Natasha
  3121 | D:4      | Noticed a black bear
  3639 | D:4      | Found a runed translucent door.
  3640 | D:4      | Noticed Icepheonix32's ghost (weakling DsDe)
  3822 | D:4      | Reached skill level 5 in Axes
  3966 | D:4      | Reached skill level 5 in Shields
  4032 | D:4      | Identified the +1 leather armour "Deluash" {rC+ Int+2 Dex+7
                  | Slay-3}
  4110 | D:4      | Reached * piety under Beogh
  4186 | D:4      | Killed a black bear
  4187 | D:4      | Reached skill level 5 in Armour
  4187 | D:4      | Reached skill level 1 in Invocations
  4187 | D:4      | Reached XP level 7. HP: 54/61 MP: 7/7
  4443 | D:5      | Entered Level 5 of the Dungeon
  4600 | D:5      | Found Sofe's Self-Improvement Boutique.
  4924 | D:5      | Reached XP level 8. HP: 53/70 MP: 8/10
  5680 | D:6      | Noticed Maggie
  5708 | D:6      | Killed Maggie
  6202 | D:6      | Found a staircase to the Ecumenical Temple.
  6218 | D:6      | Noticed a two-headed ogre
  6241 | D:6      | HP: 3/71 [two-headed ogre/+0 giant club (19)]
  6245 | Temple   | Entered the Ecumenical Temple
  6880 | Temple   | Lost mutation: Your mind is acute. (Int +2) [potion of
                  | mutation]
  6880 | Temple   | Lost mutation: You sometimes lose the ability to read
                  | scrolls when taking damage. [potion of mutation]
  6880 | Temple   | Gained mutation: You have hidden genetic potential. [potion
                  | of mutation]
  7266 | D:6      | Found a runed translucent gate.
  7266 | D:6      | Found a runed translucent gate.
  7268 | D:6      | Noticed Jimsonite's ghost (novice HuHu)
  7269 | D:6      | Found a runed translucent gate.
  7270 | D:6      | Noticed Icepheonix32's ghost (novice TeFE)
  7484 | D:6      | Mangled by a two-headed ogre

Illustrated notes

Levels and vault maps discovered:
D:1:      eino_arrival_water_star, layout_basic
D:2:      layout_basic, serial_shops, shop, shop,
          chequers_ecumenical_altar_island, basic_altar,
          kennysheep_generic_room_15, uniq_crazy_yiuf_cottage
D:3:      layout_basic, serial_shops, shop, uniq_grinder, uniq_natasha
D:4:      layout_loops_ring, ebering_ghost_sewer_d
D:5:      layout_cave_pods, serial_column_ruins, column_ruins_hut,
          column_ruins_open_tiny, column_ruins_grid_1, column_ruins_open_small,
          column_ruins_columns_corner, column_ruins_grid_1, minivault_4,
          roderic_lattice_a, nicolae_shop_self_help
D:6:      layout_loops_cross, temple_fountains, gammafunk_ghost_cemetery,
          uniq_maggie
D:7:      layout_loops_ring, mainiacjoe_overflow_alcove_4, uniq_menkaure
Temple:   nicolae_temple_the_god_donut

Skill      XL: |  1  2  3  4  5  6  7  8 |
---------------+-------------------------+-----
Axes           | 3 4 5 6 7 |  7.1
Fighting       | 4 5 6 7 |  7.0
Armour         | 4 5 6 |  6.4
Shields        | 4 5 6 |  6.5
Invocations    | 1 2 4 |  4.6

Action                   |  1- 3 |  4- 6 |  7- 9 || total
-------------------------+-------+-------+-------++-------
Melee: War axe           |   137 |   122 |   104 ||   363
Throw: Boomerang         |       |     3 |    31 ||    34
Invok: Convert to Beogh  |       |     1 |       ||     1
Evoke: Wand              |       |       |     3 ||     3
  Use: Potion            |       |     3 |     4 ||     7
       Scroll            |       |     2 |     9 ||    11
 Stab: Paralysed         |       |       |     5 ||     5
Armor: Scale mail        |    82 |    63 |    20 ||   165
       Swamp dragon scal |       |       |    12 ||    12
Dodge: Dodged            |    65 |    48 |    39 ||   152
Block: Buckler           |    20 |    22 |    19 ||    61
